 Dungeon Crawl Stone Soup version 0.30-a0-612-g150a0467c1 (webtiles) character file.

Game seed: 72092229853243085

20437 Leeroy the Transmogrifier (level 12, -1/101 HPs)
             Began as a Black Draconian Transmuter on Jan 8, 2023.
             Was a Believer of Wu Jian.
             Slain by a phantasmal warrior (23 damage)
             ... on level 2 of the Lair of Beasts.
             The game lasted 00:28:31 (14480 turns).

Leeroy the Transmogrifier (DrTm)                   Turns: 14480, Time: 00:28:32

Health: -1/101     AC: 15    Str: 13    XL:     12   Next: 45%
Magic:  22/22      EV: 13    Int: 16    God:    Wu Jian [**....]
Gold:   843        SH:  5    Dex: 14    Spells: 4/25 levels left

rFire   . . .      SeeInvis .    w - +7 Throatcutter {drain, coup de grace}
rCold   . . .      Faith    .    (no shield)
rNeg    . . .      Spirit   .    (body armour unavailable)
rPois   +          Reflect  +    (helmet restricted)
rElec   +          Harm     .    Q - +0 cloak {rCorr}
rCorr   +          Rampage  .    O - +1 pair of gloves
Will    .....                    (no boots)
Stlth   +                        C - amulet of reflection
HPRegen 0.36/turn                J - ring of poison resistance
MPRegen 0.18/turn                j - +4 ring of protection

@: weak-willed
A: breathe lightning, AC +8, unfitting armour, electricity resistance,
cold-blooded
a: Breathe Lightning, Renounce Religion, Wall Jump


You were on level 2 of the Lair of Beasts.
You worshipped Wu Jian.
Wu Jian was pleased with you.
You visited 3 branches of the dungeon, and saw 15 of its levels.
You also visited: Sewer and Bailey.

You collected 843 gold pieces.

Inventory:

Hand Weapons
 w - the +7 Throatcutter (weapon) {drain, coup de grace}
   (You found it on level 3 of the Dungeon)

   It may instantly kill foes which have little health.
Missiles
 c - 30 poisoned darts
 e - 13 boomerangs (quivered)
 B - 6 curare-tipped darts
Armour
 g - a +0 kite shield
 o - a +0 pair of gloves
 O - a +1 pair of gloves (worn)
 Q - a +0 cloak of preservation (worn)
 V - the -1 pair of boots of the Desolation of Salt {Will- Regen+ Dex-2 Stlth+}
   (You found it on level 2 of the Lair of Beasts)

   Dex:       It affects your dexterity (-2).
   Regen:     It increases your rate of health regeneration.
   Will:      It decreases your willpower.
   Stlth:     It makes you more stealthy.
Magical Staves
 P - a staff of poison
Jewellery
 a - a ring of resist corrosion
 f - a ring of positive energy
 j - a +4 ring of protection (right hand)
 p - a ring of willpower
 C - an amulet of reflection (around neck)
 J - a ring of poison resistance (left hand)
 K - an amulet of the acrobat
 R - a ring of ice
Wands
 k - a wand of acid (11)
 H - a wand of iceblast (12)
 I - a wand of flame (29)
 M - a wand of paralysis (6)
 S - a wand of polymorph (3)
 U - a wand of mindburst (4)
Scrolls
 d - 10 scrolls of teleportation
 h - 5 scrolls of magic mapping
 l - 11 scrolls of identify
 m - 5 scrolls of summoning
 n - 2 scrolls of blinking {unknown}
 q - 4 scrolls of poison {unknown}
 r - a scroll of brand weapon {unknown}
 u - a scroll of enchant weapon {unknown}
 x - a scroll of acquirement {unknown}
 y - 8 scrolls of fog {unknown}
 A - 3 scrolls of fear {unknown}
 D - 4 scrolls of enchant armour {unknown}
 F - 2 scrolls of silence {unknown}
 G - a scroll of noise {unknown}
 T - a scroll of immolation {unknown}
Potions
 b - 7 potions of curing
 i - 3 potions of cancellation
 s - 4 potions of ambrosia {unknown}
 t - 4 potions of might {unknown}
 v - 4 potions of resistance {unknown}
 z - 3 potions of mutation {unknown}
 E - a potion of haste {unknown}
 L - a potion of attraction {unknown}
 N - a potion of brilliance {unknown}


   Skills:
 - Level 8.0 Fighting
 - Level 9.6 Long Blades
 - Level 1.0(1.5) Axes
 - Level 1.0(1.5) Maces & Flails
 - Level 1.0(1.5) Polearms
 - Level 1.1(1.6) Staves
 - Level 1.0 Ranged Weapons
 - Level 3.4 Dodging
 - Level 5.4 Unarmed Combat
 - Level 7.2 Spellcasting
 - Level 1.0 Conjurations
 - Level 1.0 Hexes
 - Level 0.9 Summonings
 - Level 0.9 Necromancy
 - Level 8.7 Translocations
 + Level 10.6 Transmutations
 - Level 0.9 Fire Magic
 - Level 0.9 Ice Magic
 - Level 1.1 Air Magic
 - Level 0.7 Earth Magic
 - Level 1.1 Invocations


You had 4 spell levels left.
You knew the following spells:

 Your Spells              Type           Power      Damage    Failure   Level
a - Beastly Appendage     Tmut           78%        N/A       1%          1
b - Wereblood             Tmut           39%        N/A       1%          2
c - Spider Form           Tmut/Pois      22%        N/A       4%          3
d - Manifold Assault      Tloc           33%        N/A       3%          4
e - Blink                 Tloc           66%        N/A       1%          2
f - Ice Form              Ice/Tmut       24%        N/A       11%         4
g - Momentum Strike       Conj/Tloc      42%        3d9       2%          2
h - Mephitic Cloud        Conj/Pois/Air  8%         N/A       26%         3

Your spell library contained the following spells:

 Spells                   Type           Power      Damage    Failure   Level
 Gell's Gravitas          Tloc           33%        N/A       1%          3
 Lesser Beckoning         Tloc           66%        N/A       1%          3
 Teleport Other           Tloc           33%        N/A       1%          3
 Magic Dart               Conj           36%        1d4       8%          1
 Shock                    Conj/Air       36%        1d5       8%          1
 Searing Ray              Conj           18%        2d5       12%         2
 Call Imp                 Summ           8%         N/A       13%         2
 Swiftness                Air            9%         N/A       22%         3
 Airstrike                Air            4%         2d(1-17)  58%         4
 Fulminant Prism          Conj/Hex       4%         3d5       63%         4
 Dispersal                Tloc           16%        N/A       45%         6
 Disjunction              Tloc           16%        N/A       100%        8


Dungeon Overview and Level Annotations

Branches:
Dungeon (12/15)            Temple (1/1) D:6            Lair (2/5) D:8
 Shoals (0/4) Lair:2        Sewer (visited)          Bailey (visited)
  Snake: Lair:2-3    Spider: Lair:2-3       Orc: D:9-12

Altars:
Ashenzari
Cheibriados
Dithmenos
Elyvilon
Fedhas
Gozag
Hepliaklqana
Kikubaaqudgha
Makhleb
Nemelex Xobeh
Okawaru
Qazlal
Ru
Sif Muna
Trog
Uskayaw
Vehumet
Wu Jian
Xom
Yredelemnul
Zin
The Shining One

Annotations:
D:10 2 transporters, caveywoolpert's ghost, journeyman DEEE


Innate Abilities, Weirdness & Mutations

You can breathe wild blasts of lightning.
Your glossy black scales are hard. (AC +8)
You cannot fit into any form of body armour.
You are resistant to electric shocks. (rElec)
You are cold-blooded and may be slowed by cold attacks.


Message History

The phantasmal warrior hits you!!
You spin and attack the phantasmal warrior.
You hit the phantasmal warrior.
The phantasmal warrior is moderately damaged.
The phantasmal warrior hits you.
You spin and attack the phantasmal warrior.
You completely miss the phantasmal warrior.
The phantasmal warrior is moderately damaged.
The phantasmal warrior hits you but does no damage.
The phantasmal warrior gestures at you.
The phantasmal warrior blinks!
You spin and attack the phantasmal warrior.
You barely miss the phantasmal warrior.
The phantasmal warrior is moderately damaged.
The phantasmal warrior hits you!!
The phantasmal warrior attacks as you move away!
You block the phantasmal warrior's attack.
Okay, then.
Cast which spell? (? or * to list)
Okay, then.
You feel much better.
The phantasmal warrior hits you but does no damage.
You hit the phantasmal warrior.
The phantasmal warrior is moderately damaged.
The phantasmal warrior hits you!!
Your willpower is stripped away!
Unknown command.
You closely miss the phantasmal warrior.
The phantasmal warrior is moderately damaged.
You completely miss the phantasmal warrior.
The phantasmal warrior is moderately damaged.
The phantasmal warrior barely misses you.
You hit the phantasmal warrior.
You tail-slap the phantasmal warrior, but do no damage.
The phantasmal warrior is heavily damaged.
The phantasmal warrior hits you!!
* * * LOW HITPOINT WARNING * * *
You hit the phantasmal warrior.
The phantasmal warrior is heavily damaged.
The phantasmal warrior hits you!!
You die...

..### ###P..♣..♣.♣.♣.♣.♣..♣......
..#####.P...♣♣♣.♣♣..♣.♣.♣♣.......
............♣♣♣♣♣♣.§♣♣♣♣♣♣♣......
.............♣♣♣.÷.♣♣♣♣♣♣ ♣#(....
.............♣♣.§§♣.§§..♣ ♣.....#
.............♣..§.§§§.§.♣♣♣......
###.#P......♣♣♣###'#####♣♣.......
#..##...#..♣ #....#..# ♣.......
##.##..##.## #@W..').# ♣♣......
#..#...#### #....#..# ♣......
#P..#...# #....#..# ♣♣.....>
#.P##...# #....# .# ♣.......
#P..#..## ####'#### ♣.......
##.##...# #.......# ♣♣......
#...#...# #.......# ♣.......
##......# #'#####'# ♣.......
##.#...### #...#...# ♣♣......


You could see a phantasmal warrior.

Vanquished Creatures
  Snorg (D:10)
  2 vault guards (Bailey)
  Erolcha (D:10)
  A hydra (Lair:2)
  Fannar (D:10)
  A two-headed ogre (D:9)
  Lodul (D:10)
  3 merfolk sirens (Lair:2)
  A gargoyle (D:11)
  4 cane toads (Lair:2)
  Psyche (D:10)
  An unseen horror (D:12)
  A komodo dragon (Lair:1)
  2 kobold demonologists
  5 trolls
  A hornet (D:8)
  Prince Ribbit (Bailey)
  A merfolk (Lair:2)
  A shadow (D:11)
  A vampire (D:8)
  A wraith (D:12)
  11 yaks
  3 basilisks (Lair:2)
  6 humans
  2 wyverns
  2 steam dragons
  2 wargs (D:8)
  5 water moccasins
  2 black bears
  A sky beast (D:7)
  An orc warrior (D:8)
  2 ice beasts
  11 ogres
  4 centaurs
  4 kobold brigands
  4 scorpions
  2 necrophages
  16 bullfrogs
  14 wights
  9 killer bees
  6 howler monkeys
  5 hounds
  A gnoll bouda (D:7)
  A jelly (D:4)
  2 orc priests
  4 iguanas
  7 orc wizards
  A mummy (D:6)
  6 gnolls
  13 adders
  6 river rats
  An ufetubus (D:6)
  4 worms
  4 dart slugs
  22 orcs
  10 endoplasms
  5 giant cockroaches
  12 goblins
  9 hobgoblins
  28 kobolds
  A quokka (D:1)
  24 ball pythons
  8 bats
  8 frilled lizards
  A kobold zombie (D:6)
  3 orc zombies (D:6)
  31 rats
356 creatures vanquished.

Vanquished Creatures (others)
  2 orcs
  3 fungi (Lair:2)
  5 plants
10 creatures vanquished.

Grand Total: 366 creatures vanquished

Notes
Turn   | Place    | Note
-------+----------+-------------------------------------------
     0 | D:1      | Leeroy the Draconian Transmuter began the quest for the
                  | Orb.
     0 | D:1      | Reached XP level 1. HP: 16/16 MP: 3/3
   102 | D:1      | Reached XP level 2. HP: 23/23 MP: 5/5
   541 | D:2      | Reached XP level 3. HP: 28/28 MP: 6/6
   707 | D:2      | Learned a level 2 spell: Wereblood
   711 | D:2      | Learned a level 3 spell: Spider Form
  1045 | D:2      | Reached skill level 5 in Unarmed Combat
  1045 | D:2      | Reached XP level 4. HP: 34/35 MP: 7/7
  1869 | D:3      | Found the +7 Throatcutter {drain, coup de grace}
  2364 | D:4      | Reached XP level 5. HP: 42/42 MP: 8/8
  2670 | D:4      | Reached skill level 1 in Long Blades
  3006 | D:4      | Reached XP level 6. HP: 50/51 MP: 9/9
  3279 | D:5      | Entered Level 5 of the Dungeon
  3643 | D:5      | Your scales start taking on a glossy black colour.
  3643 | D:5      | Reached XP level 7. HP: 37/57 MP: 10/10
  3643 | D:5      | Gained mutation: You are resistant to electric shocks.
                  | (rElec) [Black Draconian growth]
  3756 | D:5      | Reached skill level 5 in Long Blades
  3795 | D:5      | Found a glowing drain.
  3806 | Sewer    | Entered a sewer
  4413 | D:6      | Reached XP level 8. HP: 56/63 MP: 11/11
  4716 | D:6      | Reached skill level 1 in Air Magic
  4718 | D:6      | Reached skill level 1 in Staves
  4725 | D:6      | Reached skill level 1 in Axes
  4725 | D:6      | Reached skill level 1 in Maces & Flails
  4725 | D:6      | Reached skill level 1 in Polearms
  4725 | D:6      | Reached skill level 1 in Invocations
  4726 | D:6      | Reached skill level 1 in Conjurations
  4756 | D:6      | Found a staircase to the Ecumenical Temple.
  4762 | D:6      | Reached skill level 1 in Ranged Weapons
  4762 | D:6      | Reached skill level 1 in Hexes
  4770 | Temple   | Entered the Ecumenical Temple
  5030 | D:6      | Reached skill level 1 in Translocations
  5241 | D:7      | Reached XP level 9. HP: 62/69 MP: 12/12
  5250 | D:7      | Reached skill level 5 in Translocations
  5401 | D:7      | Found a sparkling altar of Nemelex Xobeh.
  5744 | D:7      | Learned a level 4 spell: Manifold Assault
  6019 | D:8      | Reached skill level 3 in Transmutations
  6041 | D:8      | Reached skill level 4 in Transmutations
  6297 | D:8      | Found a staircase to the Lair.
  6446 | D:8      | Reached XP level 10. HP: 65/78 MP: 13/13
  6623 | D:8      | Found a blossoming altar of Fedhas.
  6625 | D:8      | Found an iron altar of Okawaru.
  6677 | D:8      | Reached skill level 5 in Fighting
  6843 | D:8      | Found a shimmering blue altar of Sif Muna.
  7423 | D:9      | Found a flagged portal.
  7440 | Bailey   | Entered a bailey
  7541 | Bailey   | Reached skill level 5 in Spellcasting
  7707 | Bailey   | Noticed a vault guard
  7707 | Bailey   | Noticed Prince Ribbit
  7720 | Bailey   | Killed Prince Ribbit
  7733 | Bailey   | Killed a vault guard
  7960 | Bailey   | Noticed a vault guard
  7975 | Bailey   | Killed a vault guard
  8195 | D:9      | Reached XP level 11. HP: 82/93 MP: 20/20
  8345 | D:9      | Found a radiant altar of Vehumet.
  8923 | D:9      | Noticed a two-headed ogre
  8929 | D:9      | Killed a two-headed ogre
  9590 | D:9      | Learned a level 2 spell: Blink
  9595 | D:9      | Learned a level 4 spell: Ice Form
  9598 | D:9      | Learned a level 2 spell: Momentum Strike
  9599 | D:10     | Entered Level 10 of the Dungeon
  9642 | D:10     | Noticed Psyche
  9655 | D:10     | Killed Psyche
  9950 | D:10     | Found a glowing silver altar of Zin.
  9951 | D:10     | Found a shadowy altar of Dithmenos.
  9955 | D:10     | Found an ornate altar of the Wu Jian Council.
  9962 | D:10     | Noticed Fannar
  9973 | D:10     | Killed Fannar
 10176 | D:10     | Became a worshipper of the Wu Jian Council
 10180 | D:10     | Noticed a two-headed ogre
 10185 | D:10     | Noticed a stone giant
 10185 | D:10     | Noticed caveywoolpert's ghost (journeyman DEEE)
 10186 | D:10     | Found a transporter.
 10241 | D:10     | Noticed Lodul
 10266 | D:10     | Killed Lodul
 10270 | D:10     | Noticed Erolcha
 10283 | D:10     | Killed Erolcha
 10576 | D:10     | Noticed Snorg
 10760 | D:11     | Reached skill level 5 in Transmutations
 11163 | D:11     | Reached * piety under Wu Jian
 11164 | D:11     | Reached skill level 6 in Transmutations
 11507 | D:12     | Noticed a green ugly thing
 11586 | D:12     | Reached skill level 7 in Transmutations
 11880 | D:10     | Found a transporter.
 11915 | D:10     | HP: 1/94 [Snorg (5)]
 11917 | D:10     | Killed Snorg
 11918 | D:10     | Reached XP level 12. HP: 11/101 MP: 19/22
 12277 | Lair:1   | Entered Level 1 of the Lair of Beasts
 12444 | Lair:1   | Reached skill level 8 in Transmutations
 12482 | Lair:1   | You fall into a shaft and drop 1 floor!
 13231 | Lair:2   | Found a staircase to the Shoals.
 13232 | Lair:2   | Noticed an eight-headed hydra
 13238 | Lair:2   | Reached skill level 9 in Transmutations
 13305 | Lair:2   | Killed an eight-headed hydra
 13692 | Lair:2   | Learned a level 3 spell: Mephitic Cloud
 13746 | Lair:2   | Reached skill level 10 in Transmutations
 13756 | Lair:2   | Reached ** piety under Wu Jian
 13880 | Lair:2   | Identified the -1 pair of boots of the Desolation of Salt
                  | {Will- Regen+ Dex-2 Stlth+}
 14047 | Lair:2   | Found a runed translucent door.
 14480 | Lair:2   | Slain by a phantasmal warrior

Illustrated notes

Levels and vault maps discovered:
D:1:      dpeg_arrival_tiny_h, layout_rooms
D:2:      minmay_thinvault, layout_loops_ring
D:3:      layout_loops_cross
D:4:      layout_basic, minmay_close_crescents
D:5:      layout_rooms, lightli_sewer_entry_pipes
D:6:      layout_basic, minmay_temple_entry_junction, grunt_decor_arrowhead,
          minmay_mini_ossuary
D:7:      layout_rooms, general_overflow_altar
D:8:      layout_loops_ring, chequers_temple_overflow_statue_of_worship,
          lemuel_blue_sif_altar, erik_lair_orcish_takeover,
          corexii_hall_statues_l, minivault_23
D:9:      layout_layer_cave, mainiacjoe_overflow_catwalk, enter_bailey_3
D:10:     layout_rooms, grunt_temple_overflow_open, gammafunk_ghost_arena,
          patterned_corridor, uniq_psyche, uniq_lodul, uniq_fannar, uniq_snorg,
          uniq_erolcha
D:11:     layout_rooms
D:12:     layout_basic, orc_0_dummy, grunt_decor_one_mirror
Temple:   compressed_dpeg_circular_temple
Lair:1:   layout_small_grid, infiniplex_staircase_pool
Lair:2:   layout_gridlike, elwin_shoals_entry_stream,
          pdpol_lair_cabin_in_the_woods

Skill      XL: |  1  2  3  4  5  6  7  8  9 10 11 12 |
---------------+-------------------------------------+-----
Unarmed Combat | 4 5 |  5.4
Fighting       | 2 3 7 8 |  8.0
Long Blades    | 2 4 6 8 9 |  9.6
Dodging        | 3 |  3.4
Air Magic      | 1 |  1.1
Staves         | 1 |  1.1
Axes           | 1 |  1.0
Maces & Flails | 1 |  1.0
Polearms       | 1 |  1.0
Invocations    | 1 |  1.1
Conjurations   | 1 |  1.0
Ranged Weapons | 1 |  1.0
Hexes          | 1 |  1.0
Translocations | 4 7 8 |  8.7
Transmutations | 4 7 10 | 10.6
Spellcasting   | 6 7 |  7.2
Summonings     | |  0.9
Necromancy     | |  0.9
Fire Magic     | |  0.9
Ice Magic      | |  0.9
Earth Magic    | |  0.7

Action                   |  1- 3 |  4- 6 |  7- 9 | 10-12 || total
-------------------------+-------+-------+-------+-------++-------
Melee: Unarmed           |   124 |    54 |       |     5 ||   183
       Tailslap          |    10 |    11 |    39 |    57 ||   117
       Punch             |     1 |     4 |    12 |    20 ||    37
       Headbutt          |     4 |       |       |       ||     4
       Kick              |     2 |       |       |       ||     2
       Long sword        |       |    71 |   372 |   473 ||   916
Throw: Dart              |       |       |     2 |       ||     2
 Cast: Beastly Appendage |     6 |       |       |       ||     6
       Manifold Assault  |       |       |       |    46 ||    46
       Momentum Strike   |       |       |       |     1 ||     1
       Ice Form          |       |       |       |     1 ||     1
Invok: Lunge             |       |       |       |     9 ||     9
       Whirlwind         |       |       |       |    14 ||    14
 Abil: Breathe Lightning |       |       |     2 |       ||     2
Evoke: Wand              |       |       |       |     1 ||     1
  Use: Potion            |       |       |     4 |     3 ||     7
       Scroll            |       |       |       |     7 ||     7
 Stab: Sleeping          |     2 |     3 |       |       ||     5
Armor: Skin              |    39 |    61 |   221 |   174 ||   495
Dodge: Dodged            |    73 |    83 |   264 |   303 ||   723
Block: Other             |       |       |   122 |   100 ||   222
       Reflection        |       |       |     5 |     4 ||     9

Table legend: (Time is in decaauts)
 A = Elapsed time spent in this place.
 B = Non-inter-level travel time spent in this place.
 C = Inter-level travel time spent in this place.
 D = Time resting spent in this place.
 E = Time spent auto-exploring this place.
 F = Levels seen in this place.
 G = Mean time per level.
                   A        B        C        D        E       F      G
               +--------+--------+--------+--------+--------+-----+--------+
         Total |  14596 |  13623 |    973 |   1772 |   9356 |  17 |  858.6 |
       Dungeon |  11116 |  10143 |    973 |    945 |   7405 |  12 |  926.3 |
        Temple |    130 |    130 |      0 |      0 |     80 |   1 |  130.0 |
          Lair |   2197 |   2197 |      0 |    630 |   1246 |   2 | 1098.5 |
         Sewer |    500 |    500 |      0 |      0 |    312 |   1 |  500.0 |
        Bailey |    651 |    651 |      0 |    197 |    313 |   1 |  651.0 |
               +--------+--------+--------+--------+--------+-----+--------+

Top non-repeatable levels by time:
  Lair:2: 1994 daAuts
     D:9: 1595 daAuts
    D:10: 1487 daAuts
     D:8: 1167 daAuts
     D:4: 1158 daAuts
     D:2: 1137 daAuts
    D:11: 998 daAuts
     D:7: 853 daAuts
     D:5: 724 daAuts
     D:3: 687 daAuts
     D:6: 686 daAuts
  Bailey: 651 daAuts
     D:1: 506 daAuts
   Sewer: 500 daAuts
  Lair:1: 203 daAuts
